 Dungeon Crawl Stone Soup version 0.29.0-15-g675c0067aa (webtiles) character file.

Game seed: 9644833061662815730

242 qw the Chopper (level 5, -3/45 HPs)
             Began as a Minotaur Berserker on Sept 12, 2022.
             Was a Follower of Trog.
             Slain by Sigmund
             ... wielding a +0 scythe
              (6 damage)
             ... on level 4 of the Dungeon.
             The game lasted 00:01:04 (3734 turns).

qw the Chopper (Minotaur Berserker)                 Turns: 3734, Time: 00:01:04

Health: -3/45      AC: 12    Str: 24    XL:     5   Next: 82%
Magic:  4/4        EV:  5    Int:  4    God:    Trog [*.....]
Gold:   117        SH:  8    Dex:  9    Spells: 4/4 levels left

rFire   . . .      SeeInvis .   Y - +1 hand axe
rCold   . . .      Faith    .   d - +0 kite shield
rNeg    . . .      Spirit   .   c - +0 plate armour
rPois   .          Reflect  .   (helmet restricted)
rElec   .          Harm     .   i - +0 cloak
rCorr   .          Rampage  .   (no gloves)
Will    .....                   (no boots)
Stlth   ..........              (no amulet)
HPRegen 0.15/turn               (no ring)
MPRegen 0.09/turn               (no ring)

@: on berserk cooldown
A: horns 2, retaliatory headbutt
a: Renounce Religion, Berserk


You were on level 4 of the Dungeon.
You worshipped Trog.
Trog was aware of your devotion.
You visited 1 branch of the dungeon, and saw 4 of its levels.

You collected 117 gold pieces.


Innate Abilities, Weirdness & Mutations

You have a pair of horns on your head.
You reflexively headbutt those who attack you in melee.


   Skills:
 - Level 3.6 Fighting
 - Level 6.2 Axes
 - Level 2.4 Armour
 - Level 2.1 Dodging
 + Level 4.7 Shields


You had 4 spell levels left.
You didn't know any spells.
Your spell library was empty.

Inventory:

Hand Weapons
 n - a +0 flail
 Y - a +1 hand axe (weapon)
Armour
 c - a +0 plate armour (worn)
 d - a +0 kite shield (worn)
 i - a +0 cloak (worn)
Jewellery
 h - a ring of ice
Scrolls
 a - 2 scrolls of identify
 f - a scroll of teleportation
Potions
 e - a potion of invisibility {unknown}
 g - 2 potions of heal wounds
 j - a potion of lignification {unknown}
 l - a potion of curing {unknown}
 m - a potion of mutation {unknown}
 p - a potion of haste {unknown}
 r - a potion of flight {unknown}

Dungeon Overview and Level Annotations

Branches:
Dungeon (4/15)
 Temple: D:4-7

Altars:
Okawaru

Annotations:
D:1 2 transporters
D:4 1 transporter, Sigmund


Message History

You swing at nothing.
A magic dart appears from out of thin air!
The magic dart hits you but does no damage.
Something hits you but does no damage.
You swing at nothing.
A magic dart appears from out of thin air!
The magic dart hits you!
You swing at nothing.
You hear some strange, mumbled words.
Something tries to affect you, but you resist.
Something hits you but does no damage.
You swing at nothing.
Something hits you but does no damage.
You swing at nothing.
Something hits you but does no damage.
You swing at nothing.
Something hits you.
You swing at nothing.
You feel yourself speed up. Something hits you.
You swing at nothing.
Something hits you but does no damage.
You swing at nothing.
Something hits you.
You swing at nothing.
You swing at nothing.
Something hits you but does no damage.
You swing at nothing.
Something hits you.
You swing at nothing.
Something hits you but does no damage.
You swing at nothing.
You swing at nothing.
Something hits you!
You swing at nothing.
A magic dart appears from out of thin air!
The magic dart hits you.
You swing at nothing.
Something hits you.
You die...

### ..# #.# # #.#.#
#########.#.#
...>..{.@...#
#########.###
##########.#
#...#......#
#####'#.#.######
#.......#.#
.###.......#.#
...........#.#
^..........#.###########


There were no monsters in sight!

Vanquished Creatures
  A gnoll bouda (D:3)
  Jessica (D:2)
  Natasha (thrice) (D:2)
  Robin (D:3)
  4 gnolls (D:3)
  A worm (D:3)
  An adder zombie (D:2)
  2 dart slugs
  2 ball pythons
  6 endoplasms
  A giant cockroach (D:1)
  8 hobgoblins
  2 kobolds
  3 quokkas
  A ball python skeleton (D:2)
  3 ball python zombies (D:2)
  2 bats (D:2)
  4 frilled lizards
  9 goblins
  3 rats
58 creatures vanquished.

Notes
Turn   | Place    | Note
-------+----------+-------------------------------------------
     0 | D:1      | qw the Minotaur Berserker began the quest for the Orb.
     0 | D:1      | Reached XP level 1. HP: 19/19 MP: 0/0
     0 | D:1      | 0 ||| qw: Version: 0.1-a-119-g272c26d
     0 | D:1      | 0 ||| qw: Game counter: 10933
     0 | D:1      | 0 ||| qw: Always use a shield: true
     0 | D:1      | 0 ||| qw: Do Orc after D:15 true
     0 | D:1      | 0 ||| qw: Do second Lair branch before Depths: true
     0 | D:1      | 0 ||| qw: Lair rune preference: random
     0 | D:1      | 0 ||| qw: Plans: Normal
     0 | D:1      | 0 ||| PLANNING D:1-11
   170 | D:1      | Reached skill level 4 in Axes
   419 | D:1      | Reached XP level 2. HP: 26/26 MP: 1/1
   544 | D:1      | 544 ||| Stepping ~*~*~tactically~*~*~ (stealth).
  1237 | D:1      | 1237 ||| UPGRADING to +0 kite shield.
  1242 | D:1      | 1242 ||| UPGRADING to +0 scale mail.
  1252 | D:1      | 1252 ||| DROPPING +0 animal skin.
  1253 | D:1      | 1253 ||| READING 2 scrolls labelled IFYESOUCRUE.
  1254 | D:1      | 1254 ||| READING scroll labelled PEWUVVIETA.
  1255 | D:1      | 1255 ||| READING scroll labelled DEUZOA QOECIO.
  1256 | D:1      | 1256 ||| READING scroll labelled NEFRYLLEDIDA.
  1259 | D:1      | 1259 ||| READING scroll labelled URHOUJ QOQIVVU.
  1260 | D:1      | 1260 ||| DRINKING 2 pink potions.
  1261 | D:1      | 1261 ||| DROPPING potion of magic.
  1461 | D:2      | Reached skill level 1 in Shields
  1472 | D:2      | Noticed Jessica
  1473 | D:2      | 1473 ||| Stepping ~*~*~tactically~*~*~ (stealth).
  1476 | D:2      | Killed Jessica
  1477 | D:2      | Reached XP level 3. HP: 20/31 MP: 2/2
  1598 | D:2      | 1598 ||| Stepping ~*~*~tactically~*~*~ (stealth).
  1599 | D:2      | 1599 ||| Stepping ~*~*~tactically~*~*~ (stealth).
  1667 | D:2      | Noticed Natasha
  1668 | D:2      | 1668 ||| Stepping ~*~*~tactically~*~*~ (hiding).
  1670 | D:2      | 1670 ||| INVOKING Berserk.
  1673 | D:2      | Killed Natasha
  1674 | D:2      | Reached skill level 3 in Shields
  1674 | D:2      | Reached XP level 4. HP: 39/39 MP: 3/3
  1757 | D:2      | Found an iron altar of Okawaru.
  1852 | D:2      | Reached skill level 5 in Axes
  1918 | D:2      | Noticed Natasha
  1919 | D:2      | 1919 ||| INVOKING Berserk.
  1924 | D:2      | Killed Natasha
  2112 | D:2      | Noticed Natasha
  2113 | D:2      | 2113 ||| Stepping ~*~*~tactically~*~*~ (hiding).
  2115 | D:2      | 2115 ||| INVOKING Berserk.
  2123 | D:2      | Killed Natasha
  2288 | D:2      | 2288 ||| UPGRADING to +0 cloak.
  2293 | D:2      | 2293 ||| READING scroll labelled MINASU GAYGH.
  2294 | D:2      | 2294 ||| DRINKING 2 smoky blue potions.
  2317 | D:3      | 2317 ||| STAIRDANCE
  2321 | D:2      | Reached XP level 5. HP: 42/45 MP: 4/4
  2366 | D:3      | 2366 ||| Stepping ~*~*~tactically~*~*~ (hiding).
  2475 | D:3      | Found a faded altar of an unknown god.
  2528 | D:3      | 2528 ||| Stepping ~*~*~tactically~*~*~ (stealth).
  2531 | D:3      | 2531 ||| INVOKING Berserk.
  2652 | D:3      | 2652 ||| Stepping ~*~*~tactically~*~*~ (stealth).
  2658 | D:3      | Noticed Robin
  2660 | D:3      | Reached ** piety under Trog
  2664 | D:3      | 2664 ||| INVOKING Berserk.
  2667 | D:3      | Killed Robin
  2779 | D:3      | 2779 ||| FLEEEEING.
  2783 | D:3      | 2783 ||| FLEEEEING.
  2784 | D:3      | 2784 ||| FLEEEEING.
  2785 | D:3      | 2785 ||| FLEEEEING.
  2788 | D:3      | 2788 ||| INVOKING Berserk.
  2794 | D:3      | Reached skill level 6 in Axes
  2894 | D:3      | 2894 ||| DROPPING +5 club.
  3175 | D:3      | 3175 ||| INVOKING Berserk.
  3566 | D:3      | 3566 ||| UPGRADING to +0 plate armour.
  3576 | D:3      | 3576 ||| DROPPING +0 scale mail.
  3577 | D:3      | 3577 ||| DROPPING amulet of faith.
  3578 | D:3      | 3578 ||| READING scroll labelled XINEQA VIMA.
  3579 | D:3      | 3579 ||| READING scroll labelled UTOBOA ZOTUZE.
  3615 | D:4      | 3615 ||| PLANNING SEWER
  3653 | D:4      | Found a transporter.
  3690 | D:4      | Noticed Sigmund
  3692 | D:4      | 3692 ||| INVOKING Berserk.
  3732 | D:4      | HP: 9/45 [something (8)]
  3733 | D:4      | HP: 3/45 [something/magic dart (6)]
  3734 | D:4      | Slain by Sigmund

Levels and vault maps discovered:
D:1:      spicycebolla_arrival_transporter_tutorial, layout_loops_ring
D:2:      layout_loops_ring, serial_undead, serial_undead_e, serial_undead_d,
          serial_undead_a, serial_undead_e, basic_altar, glass_columns_a,
          uniq_natasha, uniq_jessica
D:3:      layout_loops_ring, chequers_ecumenical_altar_simple_redux,
          nrook_uturn, uniq_robin
D:4:      layout_basic, vehumet_statue, gammafunk_ghost_arena,
          cheibrodos_sewer_entry_bend, uniq_pikel, uniq_sigmund

Skill      XL: |  1  2  3  4  5 |
---------------+----------------+-----
Axes           | 4 5 6 |  6.2
Shields        | 2 3 4 |  4.7
Fighting       | |  3.6
Armour         | |  2.4
Dodging        | |  2.1

Action                   |  1- 3 |  4- 6 || total
-------------------------+-------+-------++-------
Melee: Hand axe          |    63 |    88 ||   151
       Headbutt          |     8 |    12 ||    20
Invok: Berserk           |     1 |     7 ||     8
  Use: Scroll            |     5 |     3 ||     8
       Potion            |     1 |     1 ||     2
Armor: Scale mail        |     6 |    24 ||    30
       Animal skin       |     2 |       ||     2
       Plate armour      |       |    22 ||    22
Dodge: Dodged            |    23 |    18 ||    41
Block: Kite shield       |     2 |    21 ||    23

Table legend:
 A = Non-vault XP
 B = Vault XP
 C = Vault XP percentage of total XP
 D = Non-vault monster count
 E = Vault monster count
 F = Vault count percentage of total count
                 A         B        C        D         E       F
            +---------+---------+-------+---------+---------+-------
      Total |     239 |     108 |  31.1 |      44 |      14 |  24.1
            +---------+---------+-------+---------+---------+-------
        D:1 |      28 |       0 |   0.0 |      15 |       0 |   0.0
        D:2 |      87 |      82 |  48.5 |      14 |       7 |  33.3
        D:3 |     124 |      26 |  17.3 |      15 |       7 |  31.8
            +---------+---------+-------+---------+---------+-------
